 Dungeon Crawl Stone Soup version 0.25-a0-292-gaa31f046c4 (webtiles) character file.

Game seed: 17623989369553917812, levelgen mode: deterministic

5267 mopl the Merchant of Misery (level 10, -2/67 HPs)
             Began as a Demonspawn Necromancer on Dec 15, 2019.
             Was a Believer of Kikubaaqudgha.
             Slain by a troll (11 damage)
             ... on level 9 of the Dungeon.
             The game lasted 00:30:12 (9549 turns).

mopl the Merchant of Misery (DsNe)                  Turns: 9549, Time: 00:30:13

Health: -2/67      AC:  4    Str:  9    XL:     10   Next: 36%
Magic:  7/16       EV: 12    Int: 16    God:    Kikubaaqudgha [**....]
Gold:   345        SH:  0    Dex: 20    Spells: 2/17 levels left

rFire    + . .     SeeInvis .   a - +4 short sword (speed)
rCold    . . .     Gourm    .   (no shield)
rNeg     . . .     Faith    .   e - +0 robe
rPois    .         Spirit   .   (helmet restricted)
rElec    .         Reflect  .   (no cloak)
rCorr    .         Harm     .   m - +0 pair of gloves
MR       .....                  D - +0 pair of boots
Stlth    +++.......             b - amulet of the acrobat
HPRegen  0.21/turn              f - +3 ring of dexterity
MPRegen  0.15/turn              s - ring of protection from fire

@: lightly drained
A: antennae 2, hooves 2, demonic guardian 1, powered by death 2
a: Receive Corpses, Renounce Religion


You were on level 9 of the Dungeon.
You worshipped Kikubaaqudgha.
Kikubaaqudgha was pleased with you.
You were not hungry.

You visited 2 branches of the dungeon, and saw 10 of its levels.
You also visited: Ossuary.

You collected 345 gold pieces.

Inventory:

Hand Weapons
 a - a +4 short sword of speed (weapon)
Missiles
 j - 47 poisoned darts (quivered)
 E - 3 boomerangs
Armour
 e - a +0 robe (worn)
 g - a +2 scale mail of magic resistance
 l - a +0 shield
 m - a +0 pair of gloves (worn)
 D - a +0 pair of boots (worn)
 M - a cursed +0 leather armour
Jewellery
 b - an amulet of the acrobat (around neck)
 f - a +3 ring of dexterity (left hand)
 s - a ring of protection from fire (right hand)
 y - a +3 ring of strength
 K - an uncursed amulet of harm
 O - an uncursed ring of resist corrosion
Wands
 C - a wand of digging (3)
 N - a wand of acid (6)
Scrolls
 d - 2 scrolls of immolation {unknown}
 k - 7 scrolls of teleportation {unknown}
 n - 5 scrolls of enchant armour {unknown}
 p - 9 scrolls of remove curse {unknown}
 q - 3 scrolls of enchant weapon {unknown}
 r - 3 scrolls of fear {unknown}
 t - a scroll of fog {unknown}
 w - 2 scrolls of blinking {unknown}
 x - a scroll of random uselessness {unknown}
 J - a scroll of identify
 L - 3 scrolls of magic mapping {unknown}
Potions
 h - a potion of might
 i - a potion of berserk rage {!q}
 o - 6 potions of curing
 u - 2 potions of heal wounds
 v - a potion of invisibility
 z - a potion of flight
 A - 3 potions of ambrosia
 B - a potion of resistance
 F - a potion of lignification {!q}
 G - a potion of mutation {!q}
 H - 3 potions of cancellation
 I - a potion of agility
Comestibles
 c - 19 rations
 P - 6 chunks of flesh


   Skills:
 + Level 2.0(1.9) Fighting
 + Level 7.8(7.6) Short Blades
 - Level 1.7(1.6) Dodging
 + Level 4.6(4.5) Stealth
 + Level 1.8(1.7) Shields
 - Level 4.0(3.8) Spellcasting
 - Level 2.0(1.8) Charms
 + Level 11.6(11.5) Necromancy
 - Level 3.0(2.9) Translocations


You had 2 spell levels left.
You knew the following spells:

 Your Spells              Type           Power        Failure   Level  Hunger
a - Pain                  Necr           ####         1%          1    None
b - Vampiric Draining     Necr           #####.....   1%          3    ###....
c - Apportation           Tloc           ##....       5%          1    None
e - Blink                 Tloc           N/A          8%          2    ##.....
r - Regeneration          Chrm/Necr      ###.......   3%          3    ###....
x - Animate Skeleton      Necr           N/A          1%          1    None
X - Animate Dead          Necr           N/A          1%          4    ####...

Your spell library contained the following spells:

 Spells                   Type           Power        Failure   Level  Hunger
 Sublimation of Blood     Necr           #####.....   1%          2    ##.....
 Confusing Touch          Hex            #.....       17%         1    None
 Magic Dart               Conj           #...         17%         1    None
 Summon Small Mammal      Summ           #...         17%         1    None
 Call Imp                 Summ           #.......     26%         2    ##.....
 Slow                     Hex            #.......     26%         2    ##.....
 Conjure Flame            Conj/Fire      #.......     45%         3    ###....
 Mephitic Cloud           Conj/Pois/Air  #.......     45%         3    ###....


Dungeon Overview and Level Annotations

Branches:
Dungeon (9/15)             Temple (1/1) D:6         Ossuary (visited)
   Lair: D:8-11         Orc: D:9-12

Altars:
Cheibriados
Dithmenos
Fedhas
Gozag
Kikubaaqudgha
Nemelex Xobeh
Uskayaw
Wu Jian
Yredelemnul
The Shining One

Shops:
D:7 (

Annotations:
D:3 3 runed translucent doors, Borgoz's ghost, amateur HaFi
D:7 bb


Innate Abilities, Weirdness & Mutations

You have a pair of antennae on your head.
You have hoof-like feet.
A weak demonic guardian rushes to your aid.
You regenerate health from kills.


Message History

Confirm with . or Enter, or press ? or * to list all spells.
Aiming: Vampiric Draining (safe; 1% risk of failure)
Press: ? - help, Shift-Dir - straight line, f/p - troll
Aim: a troll (moderately wounded)
The troll is heavily wounded.
You feel life coursing into your body. The troll completely misses you.
The troll claws you. The troll claws you!
* * * LOW HITPOINT WARNING * * *
Unknown command.
Casting: Vampiric Draining (safe; 1% risk of failure)
Confirm with . or Enter, or press ? or * to list all spells.
Aiming: Vampiric Draining (safe; 1% risk of failure)
Press: ? - help, Shift-Dir - straight line, f/p - troll
Aim: a troll (heavily wounded)
The troll is almost dead.
You feel life coursing into your body. The troll bites you!
* * * LOW HITPOINT WARNING * * *
The troll claws you!
You die...
Kikubaaqudgha rasps: "You have failed me!
Welcome... death!"

. #. #...#
.. #...# #.
#...# #
#...##
#.#..#
#.#..######
#.........#
####..###.#
#.@.....#
#.T..####
#o#..#
#.#..#
..#...#
#####..#
.$. .#.#


You could see a troll and an orc warrior.

Vanquished Creatures
  A troll (D:9)
  A hippogriff (D:9)
  A spriggan (D:9)
  A wyvern (D:9)
  2 black bears
  3 phantoms
  3 ice beasts
  A sky beast (D:3)
  3 ogres
  2 centaurs (D:5)
  A big kobold (D:9)
  5 bullfrogs
  A water moccasin zombie (Ossuary)
  2 scorpions (D:9)
  A water moccasin skeleton (D:7)
  4 killer bees
  10 wights
  A howler monkey (D:6)
  A bullfrog zombie (Ossuary)
  A crimson imp (D:6)
  A quasit (D:8)
  4 centaur zombies
  4 hounds
  An orc priest (D:8)
  A jelly (D:8)
  A centaur skeleton (D:3)
  17 mummies (Ossuary)
  3 iguanas
  5 orc wizards
  8 worker ants
  A killer bee zombie (Ossuary)
  2 hound zombies (Ossuary)
  A hound skeleton (D:8)
  3 worker ant zombies (Ossuary)
  4 gnolls
  16 adders
  4 shadow imps
  2 oozes (D:5)
  3 adder zombies (Ossuary)
  3 adder skeletons
  2 worms (D:4)
  3 dart slugs
  4 leopard geckos
  20 orcs
  3 ball pythons
  9 giant cockroaches
  13 goblins
  7 hobgoblins
  2 jackals (D:4)
  13 kobolds
  5 quokkas
  6 bats
  6 frilled lizards
  A jackal zombie (D:8)
  A quokka skeleton (D:6)
  11 rats
235 creatures vanquished.

Vanquished Creatures (collateral kills)
  Grinder (D:6)
  Edmund (D:6)
  A sky beast (D:5)
  3 centaurs
  2 ogres (D:5)
  A scorpion (D:6)
  A killer bee (D:9)
  A howler monkey (D:9)
  A crimson imp (D:5)
  2 hounds
  A worker ant zombie (D:5)
  An adder (D:5)
  A shadow imp (D:6)
  A kobold (D:9)
18 creatures vanquished.

Vanquished Creatures (others)
  3 plants (D:4)
3 creatures vanquished.

Grand Total: 256 creatures vanquished

Notes
Turn   | Place    | Note
-------+----------+-------------------------------------------
     0 | D:1      | mopl the Demonspawn Necromancer began the quest for the
                  | Orb.
     0 | D:1      | Reached XP level 1. HP: 13/13 MP: 3/3
     0 | D:1      | mopl: ??evil god
     0 | D:1      | meem: evil gods[1/2]: Beogh, (from 0.22) Dithmenos, Lugonu,
                  | Kikubaaqudgha, Yredelemnul, Makhleb
    12 | D:1      | Learned a level 1 spell: Animate Skeleton
   135 | D:1      | Gained mutation: You have large cloven feet. [demonic
                  | ancestry]
   135 | D:1      | Reached XP level 2. HP: 15/19 MP: 0/5
   974 | D:2      | Reached skill level 5 in Necromancy
   974 | D:2      | Reached XP level 3. HP: 23/24 MP: 4/7
   983 | D:2      | Learned a level 3 spell: Vampiric Draining
  1303 | D:2      | Found a sparkling altar of Nemelex Xobeh.
  1455 | D:2      | Reached skill level 3 in Spellcasting
  1455 | D:2      | Gained mutation: You have a pair of small antennae on your
                  | head. [demonic ancestry]
  1455 | D:2      | Reached XP level 4. HP: 20/30 MP: 2/8
  1609 | D:2      | Learned a level 3 spell: Regeneration
  1986 | D:2      | Found a glowing golden altar of the Shining One.
  2211 | D:3      | Reached skill level 6 in Necromancy
  2252 | D:3      | Noticed a sky beast
  2255 | D:3      | Gained mutation: You have a pair of antennae on your head.
                  | [demonic ancestry]
  2255 | D:3      | Reached XP level 5. HP: 28/35 MP: 6/9
  2378 | D:3      | Killed a sky beast
  2378 | D:3      | Reached skill level 1 in Charms
  2602 | D:3      | Found a runed translucent gate.
  2650 | D:3      | Reached skill level 2 in Stealth
  2650 | D:3      | Gained mutation: A weak demonic guardian rushes to your
                  | aid. [demonic ancestry]
  2650 | D:3      | Reached XP level 6. HP: 39/41 MP: 6/11
  2669 | D:3      | Found a runed translucent gate.
  2670 | D:3      | Found a runed translucent gate.
  2670 | D:3      | Found an opulent altar of Gozag.
  2847 | D:3      | Learned a level 2 spell: Blink
  2870 | D:3      | Noticed Borgoz's ghost (amateur HaFi)
  3477 | D:4      | Noticed an ice beast
  3498 | D:4      | Reached skill level 2 in Charms
  3572 | D:4      | Found a sand-covered staircase.
  3581 | Ossuary  | Entered an ossuary
  3593 | Ossuary  | Reached skill level 1 in Translocations
  3600 | Ossuary  | Reached skill level 4 in Spellcasting
  3643 | Ossuary  | Reached skill level 7 in Necromancy
  3650 | Ossuary  | Gained mutation: You regenerate a little health from kills.
                  | [demonic ancestry]
  3650 | Ossuary  | Reached XP level 7. HP: 39/46 MP: 8/13
  3718 | Ossuary  | Reached skill level 3 in Stealth
  3751 | Ossuary  | Reached skill level 2 in Translocations
  3829 | Ossuary  | Reached skill level 1 in Short Blades
  4417 | D:4      | Reached skill level 4 in Stealth
  4568 | D:4      | Reached skill level 2 in Short Blades
  4568 | D:4      | Reached skill level 3 in Translocations
  4568 | D:4      | Reached XP level 8. HP: 23/52 MP: 5/14
  4732 | D:4      | Learned a level 4 spell: Animate Dead
  5200 | D:5      | Entered Level 5 of the Dungeon
  5246 | D:5      | Reached skill level 8 in Necromancy
  5284 | D:5      | Reached skill level 3 in Short Blades
  5507 | D:5      | Paralysed by a centaur for 5 turns
  5511 | D:5      | Reached skill level 4 in Short Blades
  5532 | D:5      | Found a basalt altar of Yredelemnul.
  5559 | D:5      | Reached skill level 9 in Necromancy
  6002 | D:6      | Learned a level 1 spell: Apportation
  6051 | D:6      | Found a staircase to the Ecumenical Temple.
  6062 | Temple   | Entered the Ecumenical Temple
  6068 | Temple   | Became a worshipper of Kikubaaqudgha
  6128 | D:6      | Found a snail-covered altar of Cheibriados.
  6142 | D:6      | Gained mutation: You have hoof-like feet. [demonic
                  | ancestry]
  6142 | D:6      | Reached XP level 9. HP: 31/57 MP: 4/15
  6172 | D:6      | Reached skill level 5 in Short Blades
  6326 | D:6      | Found an ornate altar of the Wu Jian Council.
  6328 | D:6      | Noticed Edmund
  6358 | D:6      | Noticed Grinder
  6396 | D:6      | Killed Grinder
  6484 | D:6      | Reached skill level 10 in Necromancy
  6834 | D:6      | Killed Edmund
  6834 | D:6      | Reached skill level 6 in Short Blades
  7043 | D:7      | Found a hide-covered altar of Uskayaw.
  7064 | D:7      | Found a shadowy altar of Dithmenos.
  7252 | D:7      | Found Ruhi's Antique Weapon Shoppe.
  7549 | D:8      | Found a blossoming altar of Fedhas.
  7701 | D:8      | Reached * piety under Kikubaaqudgha
  7701 | D:8      | Identified Kikubaaqudgha's Grimoire of Dark Rituals
                  | (Kikubaaqudgha gifted it to you on level 8 of the Dungeon)
  7701 | D:8      | Received a gift from Kikubaaqudgha
  8028 | D:8      | Reached skill level 7 in Short Blades
  8028 | D:8      | Reached skill level 11 in Necromancy
  8274 | D:8      | Gained mutation: You regenerate health from kills. [demonic
                  | ancestry]
  8274 | D:8      | Reached XP level 10. HP: 43/63 MP: 7/16
  8652 | D:8      | Reached ** piety under Kikubaaqudgha
  8916 | D:9      | Reached skill level 1 in Fighting
  9013 | D:9      | Reached skill level 1 in Shields
  9409 | D:9      | Reached skill level 2 in Fighting
  9549 | D:9      | Slain by a troll

Levels and vault maps discovered:
D:1:      sevenhm_arrival_forest_fort_small_4, layout_rooms
D:2:      minmay_skewed_foursquare, layout_basic,
          nicolae_tso_swordbearing_angel, nemelex_xobeh_ov_fountains_minmay
D:3:      minmay_chambers_of_threes, layout_rooms, ebering_ghost_gozag,
          first_ration, hangedman_decor_lopped, kennysheep_generic_room_13
D:4:      layout_loops_corners, serial_bayou, serial_bayou_lagoon_a,
          serial_bayou_lake_a, serial_bayou_pond_e, serial_bayou_pond_e,
          nicolae_ossuary_entry_monument
D:5:      layout_basic, kennysheep_mini
D:6:      layout_layer_cave, old_standard_altar, kennysheep_slug_shrine,
          minmay_temple_entry_ruins, uniq_grinder, uniq_edmund
D:7:      layout_cave_pods, nicolae_dithmenos_through_a_glass_darkly,
          grunt_temple_overflow_open, serial_shops,
          nicolae_shop_overgrown_old_shop, lemuel_altar_in_water, uniq_pikel
D:8:      cheibrodos_barr_body, layout_basic, nicolae_overflow_crystal_walls
D:9:      layout_basic, the_bakery, kennysheep_generic_room_10
Temple:   dshaligram_water_room_temple

Skill      XL: |  1  2  3  4  5  6  7  8  9 10 |
---------------+-------------------------------+-----
Necromancy     | 5 6 7 9 11 | 11.6
Spellcasting   | 3 4 |  4.0
Charms         | 1 2 |  2.0
Stealth        | 2 4 |  4.6
Translocations | 1 3 |  3.0
Short Blades   | 2 4 7 |  7.8
Fighting       | 2 |  2.0
Shields        | 1 |  1.8
Dodging        | |  1.7

Action                   |  1- 3 |  4- 6 |  7- 9 | 10-12 || total
-------------------------+-------+-------+-------+-------++-------
Melee: Short sword       |    25 |    97 |   535 |    82 ||   739
       Kick              |     3 |    24 |    94 |       ||   121
Throw: Dart              |       |       |       |     1 ||     1
 Cast: Pain              |    55 |    71 |    59 |    25 ||   210
       Animate Skeleton  |     2 |    10 |    12 |     6 ||    30
       Regeneration      |       |     5 |    27 |     5 ||    37
       Vampiric Draining |       |     2 |    36 |    19 ||    57
Evoke: Wand              |       |       |     8 |     1 ||     9
  Use: Scroll            |       |     2 |    10 |     1 ||    13
       Potion            |       |       |     2 |       ||     2
 Stab: Sleeping          |     2 |     8 |     5 |     5 ||    20
       Distracted        |       |     1 |     3 |       ||     4
       Paralysed         |       |       |     1 |       ||     1
  Eat: Chunk             |     2 |     8 |    19 |     6 ||    35
       Ration            |       |       |     1 |       ||     1
Armor: Robe              |     6 |    11 |    53 |    12 ||    82
Dodge: Dodged            |    24 |    57 |   224 |    58 ||   363

Table legend:
 A = Non-vault XP
 B = Vault XP
 C = Vault XP percentage of total XP
 D = Non-vault monster count
 E = Vault monster count
 F = Vault count percentage of total count
                 A         B        C        D         E       F
            +---------+---------+-------+---------+---------+-------
      Total |    5374 |    2151 |  28.6 |     188 |      65 |  25.7
            +---------+---------+-------+---------+---------+-------
        D:1 |      40 |       0 |   0.0 |      23 |       0 |   0.0
        D:2 |      75 |      10 |  11.8 |      22 |       6 |  21.4
        D:3 |     229 |     168 |  42.3 |      25 |      13 |  34.2
        D:4 |     331 |       0 |   0.0 |      25 |       0 |   0.0
        D:5 |    1087 |       0 |   0.0 |      23 |       0 |   0.0
        D:6 |     987 |     312 |  24.0 |      19 |       3 |  13.6
        D:7 |     411 |       0 |   0.0 |       8 |       0 |   0.0
        D:8 |     940 |     722 |  43.4 |      25 |      12 |  32.4
        D:9 |    1274 |     211 |  14.2 |      18 |       1 |   5.3
    Ossuary |       0 |     728 | 100.0 |       0 |      30 | 100.0
            +---------+---------+-------+---------+---------+-------
